 Dungeon Crawl Stone Soup version 0.23.1-37-gaa34b87b72 (webtiles) character file.

Game seed: 0

37044 Lusmu the Covert (level 14, -1/94 HPs)
             Began as a Human Wanderer on Mar 18, 2019.
             Was a High Priest of Hepliaklqana.
             Slain by a spiny frog (11 damage)
             ... on level 6 of the Lair of Beasts on Mar 23, 2019.
             The game lasted 02:23:43 (27344 turns).

Lusmu the Covert (Human Wanderer)                  Turns: 27344, Time: 02:23:43

Health: -1/94      AC:  7    Str: 15    XL:     14   Next: 27%
Magic:  0/21       EV: 18    Int: 14    God:    Hepliaklqana [*****.]
Gold:   1143       SH:  5    Dex: 14    Spells: 17/23 levels left

rFire    . . .     SeeInvis .   c - +1 dagger (drain)
rCold    + + .     Gourm    .   y - +0 buckler
rNeg     + . .     Faith    .   C - +2 robe {rC+}
rPois    .         Spirit   +   u - +0 hat
rElec    .         Reflect  .   U - +0 cloak (curse)
rCorr    .         Harm     .   J - +0 pair of gloves
MR       +....     Clarity  +   (no boots)
Stlth    +++++.....             N - amulet of guardian spirit
HPRegen  0.25/turn              o - ring of flight
MPRegen  0.17/turn              F - ring of positive energy

@: very slightly contaminated
A: reduced essence, horns 1, clarity, cold resistance 1
a: Recall Ancestor, Ancestor Identity, Transference, Idealise, Renounce
Religion, Evoke Flight


You were on level 6 of the Lair of Beasts.
You worshipped Hepliaklqana.
Hepliaklqana was extremely pleased with you.
You were very hungry.

You visited 3 branches of the dungeon, and saw 18 of its levels.

You collected 1143 gold pieces.

Inventory:

Hand Weapons
 c - a +1 dagger of draining (weapon)
 E - a +0 blowgun
Missiles
 n - 12 tomahawks (quivered)
 q - 3 needles of sleeping
 x - 12 curare-tipped needles
 G - 26 poisoned needles
 Q - a throwing net
 R - 4 steel tomahawks
Armour
 u - a +0 hat (worn)
 y - a +0 buckler (worn)
 C - a +2 robe of cold resistance (worn)
 J - a +0 pair of gloves (worn)
 P - the +7 chain mail of the Lost Path {Regen+}
   (You found it on level 5 of the Lair of Beasts)

   It increases your rate of regeneration.
 U - a cursed +0 cloak (worn)
Jewellery
 o - a ring of flight (left hand)
 F - a ring of positive energy (right hand)
 N - an amulet of guardian spirit (around neck)
 W - an uncursed amulet of magic regeneration
Wands
 e - a wand of flame (72)
 g - a wand of paralysis (5)
 s - a wand of iceblast (3)
 D - a wand of enslavement (9)
 S - a wand of acid (12)
Scrolls
 a - 2 scrolls of amnesia
 b - 5 scrolls of teleportation
 d - 5 scrolls of remove curse
 k - a scroll of fear
 l - 3 scrolls of magic mapping
 r - 3 scrolls of enchant armour
 t - 2 scrolls of immolation
 K - a scroll of blinking
 O - 2 scrolls of enchant weapon
 T - 2 scrolls of holy word
Potions
 h - a potion of brilliance
 i - a potion of cancellation
 j - 3 potions of berserk rage
 m - 5 potions of haste
 p - 3 potions of agility
 v - a potion of lignification
 w - 2 potions of flight
 B - a potion of ambrosia
 H - 2 potions of magic
 L - a potion of curing
 M - a potion of resistance {unknown}
Miscellaneous
 I - a phial of floods (inert)
Comestibles
 f - 25 rations
 V - 18 chunks of flesh


   Skills:
 + Level 8.2 Fighting
 - Level 10.7 Short Blades
 - Level 1.0 Throwing
 + Level 8.2 Armour
 + Level 10.1 Dodging
 - Level 11.0 Stealth
 - Level 4.1 Shields
 - Level 5.0 Spellcasting
 + Level 4.3 Conjurations
   Level 1.0 Charms
   Level 2.0 Necromancy
 + Level 3.4 Translocations
 - Level 3.0 Air Magic
 - Level 3.0 Poison Magic
 - Level 4.0 Invocations
 - Level 4.0 Evocations


You had 17 spell levels left.
You knew the following spells:

 Your Spells              Type           Power        Failure   Level  Hunger
a - Magic Dart            Conj           ###.         3%          1    None
b - Blink                 Tloc           N/A          6%          2    ##.....
c - Mephitic Cloud        Conj/Pois/Air  ##......     13%         3    ###....

Your spell library contained the following spells:

 Spells                   Type           Power        Failure   Level  Hunger
 Searing Ray              Conj           ###...       4%          2    ##.....
 Animate Skeleton         Necr           N/A          8%          1    None
 Flame Tongue             Conj/Fire      #....        8%          1    None
 Poisonous Vapours        Pois/Air       ##....       8%          2    ##.....
 Throw Flame              Conj/Fire      #.....       11%         2    ##.....
 Gell's Gravitas          Tloc           ##........   13%         3    ###....
 Confusing Touch          Hex            #.....       17%         1    None
 Corona                   Hex            #......      17%         1    None
 Conjure Flame            Conj/Fire      #.......     22%         3    ###....
 Dazzling Spray           Conj/Hex       #.....       22%         3    ###....
 Call Imp                 Summ           #.......     26%         2    ##.....
 Ensorcelled Hibernation  Hex/Ice        #.....       26%         2    ##.....
 Slow                     Hex            #.......     26%         2    ##.....
 Regeneration             Chrm/Necr      #.........   28%         3    ###....
 Iskenderun's Mystic Bla  Conj           ###.....     30%         4    ####...
 Force Lance              Conj/Tloc      ##......     34%         4    ####...
 Confuse                  Hex            #.......     45%         3    ###....
 Inner Flame              Hex/Fire       #.......     45%         3    ###....
 Tukima's Dance           Hex            #.......     45%         3    ###....
 Fulminant Prism          Conj/Hex       #.........   58%         4    ####...
 Sticky Flame             Conj/Fire      #.......     58%         4    ####...
 Petrify                  Tmut/Erth      #.......     86%         4    ####...
 Fireball                 Conj/Fire      #.........   90%         5    ######.
 Metabolic Englaciation   Hex/Ice        #.........   99%         5    ######.
 Yara's Violent Unravell  Hex/Tmut       #.........   99%         5    ######.
 Freezing Cloud           Conj/Ice/Air   ##........   100%        6    #######
 Ring of Flames           Chrm/Fire      #.........   100%        7    #######


Dungeon Overview and Level Annotations

Branches:
Dungeon (11/15)            Temple (1/1) D:6            Lair (6/6) D:10
 Shoals (0/4) Lair:2       Spider (0/4) Lair:3        Slime (0/5) Lair:6
    Orc: D:9-12

Altars:
Ashenzari
Cheibriados
Dithmenos
Elyvilon
Fedhas
Gozag
Hepliaklqana
Kikubaaqudgha
Makhleb
Nemelex Xobeh
Okawaru
Qazlal
Ru
Sif Muna
Trog
Uskayaw
Vehumet
Wu Jian
Xom
Yredelemnul
Zin
The Shining One
Beogh
Jiyva

Shops:
D:7 :

Annotations:
Lair:6 1 runed translucent door


Innate Abilities, Weirdness & Mutations

Your life essence is reduced to manifest your ancestor. (-10% HP)
You have a pair of small horns on your head.
You possess an exceptional clarity of mind.
Your flesh is cold resistant. (rC+)


Message History

The hell hound bites you but does no damage.
The hell hound closely misses you.
Chitauli blocks the warg's attack.
The hell hound breathes flames at you. The blast of flame hits you!!
* * * LOW HITPOINT WARNING * * *
Chitauli closely misses the hell hound.
Blink to where?
Press: ? - help, Dir - move target cursor
As you read the scroll of blinking, it crumbles to dust.
As you read the scroll of fog, it crumbles to dust.
The scroll dissolves into smoke.
An elephant comes into view. x2
The elephant moves out of view.
A spiny frog comes into view.
The acid blob quivers.
The acid blob quivers.
The spiny frog gives a loud, deep croak!
The spiny frog stings you!
You die...

.............####...#..### ##
÷....P.P....P#P.#JJJ##.### #####
.............P.P##+###...####.##.
.....................#..#..#.÷...
..........P#.....................
............P......##.#......Y.P.
...................#####.........
.......##..##...F..# ##.....#...
.......#.#.....#@..####.......#..
...#....#.......#..#.####...##.##
...P.#..........###....##.#..####
#..............#####....##....##.
R#..###........##.##...###...P##.
#R##.###.....#..#.##...####...##.
####..P#..<..##.........##....##.
##..†÷....#.#†...÷....#.<.##.†
#........##...÷.......P..#R..


You could see 2 acid blobs, a slime creature and a spiny frog.

Vanquished Creatures
  A hydra (Lair:3)
  2 death yaks (D:10)
  Sonja (Lair:3)
  3 elephants (Lair:4)
  A centaur zombie (D:11)
  5 black mambas
  7 spiny frogs
  2 komodo dragons
  A rime drake (Lair:2)
  7 polar bears
  19 blink frogs
  3 raiju (Lair:6)
  A dream sheep (Lair:3)
  Sigmund (D:3)
  A redback (Lair:3)
  2 wraiths (D:10)
  14 yaks
  A basilisk (Lair:3)
  A wyvern (Lair:4)
  2 wargs (Lair:6)
  Duvessa (D:6)
  5 hell hounds (Lair:6)
  4 porcupines
  4 water moccasins
  2 ice beasts
  10 black bears (Lair:6)
  A phantom (D:4)
  7 wolves
  A necrophage (D:5)
  4 ogres
  3 centaurs
  A crocodile (Lair:2)
  A big kobold (D:6)
  4 bullfrogs
  Dowan (D:6)
  2 scorpions
  2 crimson imps
  A bullfrog skeleton (D:7)
  3 hounds
  2 centaur skeletons
  4 jellies
  4 orc priests
  Natasha (thrice) (D:2)
  A knight (D:10)
  6 iguanas
  3 orc wizards
  Ijyb (D:3)
  8 worker ants
  2 hound zombies
  A hound skeleton (D:4)
  Robin (D:2)
  4 gnolls (D:5)
  14 adders
  2 river rats (D:10)
  2 shadow imps
  An ooze (D:1)
  An adder zombie (D:8)
  3 adder skeletons
  3 worms
  2 dart slugs
  3 leopard geckos
  28 orcs
  6 bats
  8 giant cockroaches
  14 goblins
  7 hobgoblins
  8 jackals
  11 kobolds
  5 quokkas
  A ball python (D:4)
  4 frilled lizards
  A giant cockroach zombie (D:5)
  2 jackal skeletons
  9 rats
307 creatures vanquished.

Vanquished Creatures (collateral kills)
  Gastronok (Lair:2)
  A death yak (D:10)
  3 elephants (Lair:4)
  2 black mambas
  2 spiny frogs
  2 komodo dragons
  4 polar bears
  A jumping spider (Lair:3)
  9 blink frogs
  3 dream sheep (Lair:3)
  A snapping turtle (Lair:2)
  A wyvern (Lair:5)
  4 hippogriffs
  2 basilisks
  12 yaks
  4 wraiths (D:10)
  5 water moccasins
  A warg (Lair:6)
  2 hell hounds (Lair:6)
  5 porcupines
  An orc warrior (D:6)
  A black bear (Lair:6)
  5 wolves
  A centaur (D:10)
  3 crocodiles
  3 bullfrogs
  An electric eel (Lair:2)
  3 crimson imps
  A quasit (D:9)
  A hound (D:9)
  A jelly (D:10)
  A bullfrog skeleton (D:11)
  2 orc priests (D:9)
  3 orc wizards
  A hell rat (D:10)
  An adder (D:9)
  11 orcs
  3 quokkas
  A leopard gecko zombie (D:8)
  A rat (D:10)
  A fungus (Lair:4)
  A plant (Lair:6)
112 creatures vanquished.

Vanquished Creatures (others)
  A spiny frog (Lair:3)
  6 knights
  An ancestor (D:7)
  14 fungi
  20 plants
42 creatures vanquished.

Grand Total: 461 creatures vanquished

Notes
Turn   | Place    | Note
-------+----------+-------------------------------------------
     0 | D:1      | Lusmu the Human Wanderer began the quest for the Orb.
     0 | D:1      | Lusmu set off with the following items: a scroll of
                  | teleportation, a +0 robe, a +0 club, a ration; and the
                  | following spells available to memorise: Animate Skeleton,
                  | Magic Dart, Blink, Call Imp, Slow, Regeneration, Mephitic
                  | Cloud, Conjure Flame
     0 | D:1      | Reached XP level 1. HP: 13/13 MP: 5/5
     2 | D:1      | Learned a level 1 spell: Magic Dart
     3 | D:1      | Found a runed translucent door.
   501 | D:1      | Reached XP level 2. HP: 19/20 MP: 7/7
   645 | D:1      | Reached skill level 1 in Stealth
   913 | D:1      | Reached skill level 1 in Fighting
   913 | D:1      | Reached skill level 1 in Conjurations
  1523 | D:1      | Reached XP level 3. HP: 25/26 MP: 8/8
  1761 | D:2      | Noticed Robin
  2683 | D:2      | Reached XP level 4. HP: 33/33 MP: 10/10
  2718 | D:2      | Reached skill level 2 in Stealth
  2776 | D:2      | Killed Robin
  2941 | D:2      | Noticed Natasha
  3058 | D:2      | Killed Natasha
  3058 | D:2      | Reached XP level 5. HP: 30/38 MP: 11/11
  3237 | D:2      | Noticed Natasha
  3274 | D:2      | Killed Natasha
  3279 | D:2      | Noticed Natasha
  3524 | D:2      | Killed Natasha
  3769 | D:3      | Noticed Ijyb
  3787 | D:3      | Killed Ijyb
  3787 | D:3      | Reached skill level 3 in Stealth
  3787 | D:3      | Reached XP level 6. HP: 46/46 MP: 12/12
  4314 | D:3      | Noticed Sigmund
  4815 | D:4      | Noticed an ogre
  4818 | D:4      | Killed an ogre
  4818 | D:4      | Reached skill level 4 in Stealth
  4818 | D:4      | Reached XP level 7. HP: 52/52 MP: 13/13
  4963 | D:4      | Found a hide-covered altar of Uskayaw.
  4963 | D:4      | Found a sacrificial altar of Ru.
  4964 | D:4      | Found an ancient bone altar of Kikubaaqudgha.
  5475 | D:4      | Found a shimmering altar of Xom.
  5744 | D:5      | Entered Level 5 of the Dungeon
  5979 | D:4      | Learned a level 2 spell: Blink
  5983 | D:4      | Learned a level 3 spell: Mephitic Cloud
  6722 | D:5      | Found a white marble altar of Elyvilon.
  6830 | D:5      | Reached skill level 1 in Poison Magic
  6867 | D:5      | Found a shadowy altar of Dithmenos.
  6914 | D:5      | Reached skill level 1 in Translocations
  7367 | D:5      | Reached XP level 8. HP: 50/60 MP: 0/14
  7496 | D:5      | Reached skill level 1 in Short Blades
  7675 | D:5      | Found a shattered altar of Ashenzari.
  8565 | D:6      | Noticed Duvessa
  8583 | D:6      | Noticed Dowan
  9190 | D:3      | Killed Sigmund
  9190 | D:3      | Reached skill level 5 in Stealth
  9839 | D:5      | Reached skill level 5 in Fighting
 10003 | D:6      | Killed Duvessa
 10085 | D:6      | Killed Dowan
 10085 | D:6      | Reached XP level 9. HP: 44/68 MP: 8/15
 10344 | D:6      | Reached skill level 5 in Short Blades
 10486 | D:6      | Found a runed translucent door.
 10884 | D:6      | Reached skill level 1 in Armour
 10884 | D:6      | Reached skill level 1 in Dodging
 10926 | D:6      | Found a staircase to the Ecumenical Temple.
 11019 | Temple   | Entered the Ecumenical Temple
 11071 | Temple   | Became a worshipper of Hepliaklqana the Forgotten
 11186 | D:6      | Found a shadowy altar of Dithmenos.
 11898 | D:6      | Found a roughly hewn altar of Beogh.
 12041 | D:7      | Found a basalt altar of Yredelemnul.
 12114 | D:7      | Found Vumnifuo's Book Shop.
 12310 | D:7      | Got a faintly glowing ring mail
 12331 | D:7      | Found a sparkling altar of Nemelex Xobeh.
 12750 | D:7      | Identified the +1 ring mail of an ice cave {+Blink} (You
                  | found it on level 7 of the Dungeon)
 12768 | D:7      | Gained mutation: Your flesh is cold resistant. (rC+)
                  | [potion of mutation]
 12768 | D:7      | Gained mutation: You have a pair of small horns on your
                  | head. [potion of mutation]
 12768 | D:7      | Gained mutation: You possess an exceptional clarity of
                  | mind. [potion of mutation]
 12919 | D:8      | Found a glowing silver altar of Zin.
 13045 | D:8      | Reached * piety under Hepliaklqana
 13675 | D:9      | Reached XP level 10. HP: 27/66 MP: 6/16
 13879 | D:9      | Reached skill level 6 in Stealth
 14027 | D:9      | Found a bloodstained altar of Trog.
 14262 | D:10     | Entered Level 10 of the Dungeon
 14437 | D:10     | Reached ** piety under Hepliaklqana
 14447 | D:10     | Remembered your ancestor Chitauli as a knight
 14493 | D:10     | Noticed a death yak
 15274 | D:10     | Noticed a death yak
 15595 | D:10     | Found a staircase to the Lair.
 15644 | D:10     | Noticed a death yak
 15749 | D:10     | Killed a death yak
 15956 | D:10     | Killed a death yak
 15956 | D:10     | Reached skill level 7 in Stealth
 15958 | D:10     | Killed a death yak
 15958 | D:10     | Reached skill level 5 in Armour
 15958 | D:10     | Reached skill level 5 in Dodging
 15958 | D:10     | Reached XP level 11. HP: 56/71 MP: 4/17
 16064 | D:10     | Found the +5 scythe "Finisher" {speed, eviscerate}
 16619 | Lair:1   | Entered Level 1 of the Lair of Beasts
 16764 | D:10     | Upgraded the game from 0.23.1 to 0.23.1-37-gaa34b87b72
 16818 | Lair:1   | Reached skill level 8 in Stealth
 17805 | Lair:1   | Reached skill level 9 in Stealth
 18433 | Lair:2   | Reached XP level 12. HP: 44/77 MP: 10/18
 19294 | Lair:2   | Reached skill level 10 in Stealth
 19533 | Lair:2   | Found a staircase to the Shoals.
 19583 | Lair:2   | Noticed Gastronok
 19605 | Lair:2   | Reached *** piety under Hepliaklqana
 19865 | Lair:2   | Killed Gastronok
 19865 | Lair:2   | Reached skill level 10 in Short Blades
 20273 | Lair:3   | Noticed a four-headed hydra
 20290 | Lair:3   | Killed a four-headed hydra
 20912 | Lair:3   | Reached **** piety under Hepliaklqana
 20922 | Lair:3   | Noticed Sonja
 20965 | Lair:3   | Killed Sonja
 20965 | Lair:3   | Reached XP level 13. HP: 24/83 MP: 4/20
 21484 | Lair:3   | Reached skill level 5 in Spellcasting
 21538 | Lair:3   | Found a hole to the Spider Nest.
 21683 | Lair:4   | Reached skill level 1 in Invocations
 21881 | Lair:4   | Reached skill level 1 in Evocations
 22749 | Lair:4   | Reached skill level 11 in Stealth
 23614 | Lair:5   | Got a slimy chain mail
 23646 | Lair:4   | Identified the +7 chain mail of the Lost Path {Regen+} (You
                  | found it on level 5 of the Lair of Beasts)
 23871 | Lair:5   | Reached ***** piety under Hepliaklqana
 25011 | Lair:6   | Entered Level 6 of the Lair of Beasts
 25132 | Lair:6   | Found a runed translucent door.
 25182 | Lair:6   | Found a viscous altar of Jiyva.
 25182 | Lair:6   | Noticed an acid blob
 25183 | Lair:6   | Noticed an acid blob
 25790 | Lair:6   | Found a staircase to the Slime Pits.
 26530 | Lair:6   | Reached XP level 14. HP: 74/92 MP: 18/21
 27063 | Lair:6   | Reached skill level 10 in Dodging
 27344 | Lair:6   | Slain by a spiny frog

Skill      XL: |  1  2  3  4  5  6  7  8  9 10 11 12 13 14 |
---------------+-------------------------------------------+-----
Stealth        | 1 2 3 4 5 7 9 10 11 | 11.0
Fighting       | 1 2 3 4 5 7 8 |  8.2
Conjurations   | 1 2 3 4 |  4.3
Poison Magic   | 1 2 3 |  3.0
Translocations | 1 2 3 |  3.4
Short Blades   | 4 6 7 8 10 | 10.7
Air Magic      | 2 3 |  3.0
Armour         | 3 5 7 8 |  8.2
Dodging        | 3 5 7 8 9 10 | 10.1
Shields        | 3 4 |  4.1
Spellcasting   | 5 |  5.0
Invocations    | 4 |  4.0
Evocations     | 4 |  4.0
Throwing       | |  1.0
Charms         | |  1.0
Necromancy     | |  2.0

Action                   |  1- 3 |  4- 6 |  7- 9 | 10-12 | 13-15 || total
-------------------------+-------+-------+-------+-------+-------++-------
Melee: Club              |    22 |       |       |       |       ||    22
       Dagger            |   131 |   149 |   859 |   666 |   813 ||  2618
       Headbutt          |       |       |    12 |   140 |   174 ||   326
Throw: Stone             |     4 |       |       |       |       ||     4
 Cast: Magic Dart        |     4 |     8 |   105 |     7 |     2 ||   126
       Blink             |       |       |     3 |       |       ||     3
       Mephitic Cloud    |       |       |     6 |     7 |     8 ||    21
Invok: Recall Ancestor   |       |       |       |     4 |     1 ||     5
       Ancestor Life: Kn |       |       |       |     1 |       ||     1
 Abil: Evoke Flight      |       |       |       |       |     1 ||     1
Evoke: Wand              |       |     1 |     4 |    10 |     2 ||    17
       Phial of floods   |       |       |       |       |     1 ||     1
  Use: Potion            |     2 |     3 |     2 |     3 |     2 ||    12
       Scroll            |     4 |       |    12 |     5 |     9 ||    30
 Stab: Sleeping          |     1 |     4 |    12 |     4 |     4 ||    25
       Confused          |       |       |     4 |     1 |     8 ||    13
       Distracted        |       |       |       |     4 |     9 ||    13
  Eat: Chunk             |     6 |     7 |    24 |     9 |    20 ||    66
       Ration            |       |       |     3 |     3 |       ||     6
Armor: Robe              |    41 |     1 |    72 |    53 |    87 ||   254
       Leather armour    |       |    41 |   106 |       |       ||   147
Dodge: Dodged            |    99 |    59 |   371 |   271 |   446 ||  1246
Block: Buckler           |       |       |       |    70 |   129 ||   199
